 Dungeon Crawl Stone Soup version 0.18.1-48-g4cf74bf (webtiles) character file.

8608 Gargoyl the Protected (level 11, -11/84 HPs)
             Began as a Demonspawn Abyssal Knight on Aug 29, 2016.
             Was the Champion of Lugonu.
             Mangled by an orc warrior
             ... wielding a +0 halberd
             ... led by an orc knight
              (22 damage)
             ... on level 1 of the Orcish Mines.
             The game lasted 00:18:50 (9419 turns).

Gargoyl the Protected (Demonspawn Abyssal Knight)   Turns: 9419, Time: 00:18:51

Health: -11/84     AC: 28    Str: 15    XL:     11   Next: 12%
Magic:  13/13      EV:  4    Int: 15    God:    Lugonu [******]
Gold:   349        SH:  9    Dex: 12    Spells: 0 memorised, 10 levels left

rFire  . . .     SeeInvis .     C - +1 broad axe (elec)
rCold  . . .     Gourm    .     A - +0 plate armour
rNeg   . . .     Faith    +     m - +0 shield
rPois  +         Spirit   .     (helmet restricted)
rElec  .         Dismiss  .     I - +2 cloak
rCorr  +         Reflect  .     B - +2 pair of gloves
SustAt .         Harm     .     o - +2 pair of boots
MR     .....     Rnd*Tele +     s - amulet of faith
Stlth  ..........               D - ring of resist corrosion
                                g - ring of poison resistance

@: drained, not resistant to hostile enchantments, extremely unstealthy
A: horns 2, yellow scales 2, nightstalker 2, shaggy fur 1, spiny 1, teleportitis
1
a: Depart the Abyss, Bend Space, Banish, Corrupt, Enter the Abyss, Brand Weapon
With Distortion, Renounce Religion


You were on level 1 of the Orcish Mines.
You worshipped Lugonu.
Lugonu was exalted by your worship.
You were not hungry.

You visited 2 branches of the dungeon, and saw 10 of its levels.
You visited the Abyss 1 time.
You also visited: Sewer.

You collected 568 gold pieces.
You spent 219 gold pieces at shops.

Inventory:

Hand Weapons
 a - a +1 hand axe
 C - a +1 broad axe of electrocution (weapon)
Missiles
 r - 7 tomahawks (quivered)
Armour
 m - a +0 shield (worn)
 o - a +2 pair of boots (worn)
 A - a +0 plate armour (worn)
 B - a +2 pair of gloves (worn)
 I - a +2 cloak (worn)
Jewellery
 g - a ring of poison resistance (left hand)
 s - an amulet of faith (around neck)
 D - a ring of resist corrosion (right hand)
Wands
 q - a wand of slowing (13/48)
 u - a wand of confusion (14/48)
 G - a wand of polymorph (7/24)
Scrolls
 i - a scroll of blinking
 j - 15 scrolls of identify
 l - a scroll of magic mapping
 n - 3 scrolls of recharging
 p - 2 scrolls of fog
 v - a scroll of amnesia
 y - 3 scrolls of remove curse
Potions
 f - 3 potions of lignification
 h - 3 potions of curing
 w - a potion of flight
 z - a potion of haste
Books
 e - a book of Beasts

   Spells                             Type                      Level
   a - Summon Butterflies             Summoning                    1
   b - Call Canine Familiar           Summoning                    3
   c - Summon Ice Beast               Ice/Summoning                4
   d - Summon Mana Viper              Hexes/Summoning              5
   e - Summon Hydra                   Summoning                    7
 E - a book of Conjurations

   Spells                             Type                      Level
   a - Magic Dart                     Conjuration                  1
   b - Searing Ray                    Conjuration                  2
   c - Dazzling Spray                 Conjuration/Hexes            3
   d - Fulminant Prism                Conjuration/Hexes            4
   e - Iskenderun's Mystic Blast      Conjuration                  4
   f - Iskenderun's Battlesphere      Conjuration/Charms           5
Miscellaneous
 d - a sack of spiders
Comestibles
 b - 2 slices of pizza
 c - 8 bread rations
 t - 4 meat rations
 x - 2 royal jellies
 F - 2 beef jerkies
 J - 2 chunks of flesh


   Skills:
 + Level 7.3(6.7) Fighting
 + Level 6.2(5.9) Axes
   Level 2.5(4.2) Polearms
 * Level 10.4(9.7) Armour
 + Level 4.9(4.4) Dodging
 + Level 2.0(1.5) Stealth
 + Level 5.7(5.1) Shields
 + Level 3.4(2.8) Invocations


You had 10 spell levels left.
You didn't know any spells.

Dungeon Overview and Level Annotations

Branches:
Dungeon (9/15)             Temple (0/1) D:7             Orc (1/2) D:9
   Lair: D:8-11

Altars:
Cheibriados
Dithmenos
Fedhas
Gozag
Makhleb
Nemelex Xobeh
Okawaru
Pakellas
Qazlal
Ru
Sif Muna
Trog
Yredelemnul

Shops:
D:5 (![[:   D:7 }


Innate Abilities, Weirdness & Mutations

You have a pair of horns on your head.
You are mostly covered in yellow scales (AC +3).
You are significantly more attuned to the shadows.
You are partially covered in sharp spines.
You are covered in fur (AC +1).
You are occasionally teleported next to monsters.


Message History

Drink which item? (? for menu, Esc to quit)
You feel better.
Your surroundings seem slightly different.
The orc warrior hits you but does no damage.
Drink which item? (? for menu, Esc to quit)
You feel better.
The orc knight is struck by your spines.
The orc knight hits you with a war axe.
* * * LOW HITPOINT WARNING * * *
You barely miss the orc warrior.
The orc warrior is moderately wounded.
You hit the orc knight but do no damage.
There is a sudden explosion of sparks!
The orc knight is severely wounded.
The orc warrior hits you but does no damage.
The orc knight hits you with a war axe!
* * * LOW HITPOINT WARNING * * *
The orc warrior is struck by your spines.
The orc warrior hits you with a halberd!!
You die...

**,,,,,,..##..........,**
***,,*,,,*#..........,*
*,,,,,*##..........,**
**,,,,##...........,,*
**,,##.........>..,**
***#.............,,*
##.............,,*
#ยง.oo....$.....,**
##.@........$..,**
###..#........,,*
####....#...,,*
##...##..,,* *##...*#.,**
**,,,,,*,,,*
*,,,,,,,,,,**
**,***,,,,,,*
**,***,,,,,**


You could see an orc knight and an orc warrior.

Vanquished Creatures
  The ghost of ayyllmao the Carver, a journeyman FoFi of Makhleb (D:9)
  Erica (D:8)
  The ghost of ayyllmao the Blocker, a novice FoFi of Makhleb (D:7)
  The ghost of smzp the Shield-Bearer, a novice DDFi (D:6)
  Pikel (D:6)
  An orc sorcerer (Orc:1)
  Maurice (D:8)
  Psyche (D:8)
  A boulder beetle (D:9)
  A spriggan (D:8)
  Grum (D:9)
  A warg (Orc:1)
  2 ice beasts (D:8)
  4 slaves (D:6)
  3 phantoms
  2 orc warriors
  2 sky beasts (D:6)
  2 ogres (D:8)
  2 necrophages
  A black bear (D:7)
  2 centaurs
  2 wolves (D:8)
  A big kobold (Sewer)
  5 giant frogs
  A water moccasin zombie (D:7)
  3 scorpions
  11 wights
  A centaur zombie (D:5)
  5 howler monkeys (D:7)
  A giant frog zombie (D:7)
  5 hounds
  A quasit (D:7)
  3 centaur skeletons
  3 orc priests
  9 orc wizards
  4 iguanas
  10 worker ants
  A hound skeleton (D:9)
  A worker ant zombie (D:9)
  9 gnolls
  17 adders
  4 river rats
  3 shadow imps
  4 oozes
  An adder zombie (D:8)
  7 worms
  3 dart slugs
  9 giant geckos
  26 orcs
  5 ball pythons
  7 giant cockroaches
  4 goblins
  7 hobgoblins
  7 jackals
  8 kobolds
  4 quokkas
  6 bats
  6 giant newts
  A jackal skeleton (D:6)
  12 rats
249 creatures vanquished.

Notes
Turn   | Place    | Note
--------------------------------------------------------------
     0 | Abyss:1  | Gargoyl the Demonspawn Abyssal Knight began the quest for the Orb.
     0 | Abyss:1  | Reached XP level 1. HP: 18/18 MP: 2/2
    52 | Abyss:3  | Noticed a worldbinder
    54 | Abyss:3  | Noticed a merfolk
    54 | Abyss:3  | Noticed a large abomination
    55 | Abyss:3  | Noticed a merfolk
    55 | Abyss:3  | Noticed a merfolk
    55 | Abyss:3  | Noticed a siren
    56 | D:1      | Escaped the Abyss
   323 | D:1      | Gained mutation: You have a pair of small horns on your head. [demonic ancestry]
   323 | D:1      | Reached XP level 2. HP: 11/24 MP: 4/4
   331 | D:1      | Reached * piety under Lugonu
   705 | D:1      | Reached skill level 1 in Dodging
   818 | D:1      | Gained mutation: You are partially covered in sharp spines. [demonic ancestry]
   818 | D:1      | Reached XP level 3. HP: 27/29 MP: 5/5
  1143 | D:1      | Reached skill level 2 in Armour
  1330 | D:2      | Found an iron altar of Okawaru.
  1468 | D:2      | Found a sacrificial altar of Ru.
  1490 | D:2      | Reached XP level 4. HP: 32/35 MP: 6/6
  1548 | D:2      | Reached ** piety under Lugonu
  1558 | D:2      | Found a burning altar of Makhleb.
  1627 | D:2      | Found an oddly glowing altar of Pakellas.
  1956 | D:3      | Reached skill level 1 in Polearms
  1995 | D:3      | Reached skill level 3 in Armour
  1995 | D:3      | Gained mutation: You are partially covered in yellow scales (AC +2). [demonic ancestry]
  1995 | D:3      | Reached XP level 5. HP: 34/42 MP: 7/7
  2420 | D:3      | Found a faded altar to an unknown god.
  3115 | D:4      | Reached *** piety under Lugonu
  3124 | D:4      | Gained mutation: You are slightly more attuned to the shadows. [demonic ancestry]
  3124 | D:4      | Reached XP level 6. HP: 46/48 MP: 8/8
  3352 | D:4      | Reached skill level 4 in Armour
  3809 | D:4      | Found a basalt altar of Yredelemnul.
  3811 | D:4      | Found a blossoming altar of Fedhas.
  3845 | D:4      | Found a stormy altar of Qazlal.
  3915 | D:5      | Entered Level 5 of the Dungeon
  3916 | D:5      | Found Luoqoal's Armour Emporium.
  3943 | D:5      | Reached skill level 1 in Stealth
  3946 | D:5      | Gained mutation: You have a pair of horns on your head. [demonic ancestry]
  3946 | D:5      | Reached XP level 7. HP: 54/54 MP: 9/9
  3968 | D:5      | Found a glowing drain.
  3972 | Sewer    | Entered a sewer
  4034 | Sewer    | Reached skill level 5 in Armour
  4093 | Sewer    | Reached **** piety under Lugonu
  4360 | D:5      | Found Xuwkapn's Weapon Boutique.
  4363 | D:5      | Bought a +2 war axe of freezing for 219 gold pieces
  4391 | D:5      | Found Fets's Armour Boutique.
  4423 | D:5      | Found Dojepaoq's Book Shop.
  4424 | D:5      | Found an opulent altar of Gozag.
  4517 | D:5      | Found Peawuc's Distillery.
  4570 | D:5      | Found a bloodstained altar of Trog.
  4660 | D:5      | Reached skill level 1 in Shields
  4700 | D:5      | Reached skill level 6 in Armour
  4701 | D:5      | Reached XP level 8. HP: 37/61 MP: 10/10
  5379 | D:6      | Reached skill level 7 in Armour
  5424 | D:6      | Noticed smzp's ghost (novice DDFi)
  5442 | D:6      | Killed smzp's ghost
  5442 | D:6      | Reached skill level 5 in Fighting
  5460 | D:6      | Gained mutation: You are mostly covered in yellow scales (AC +3). [demonic ancestry]
  5460 | D:6      | Reached XP level 9. HP: 35/68 MP: 11/11
  5469 | D:6      | Gained mutation: You are occasionally teleported next to monsters. [mutagenic meat]
  5470 | D:6      | Gained mutation: You are covered in fur (AC +1). [mutagenic meat]
  5630 | D:6      | Found a snail-covered altar of Cheibriados.
  5721 | D:7      | Noticed Pikel
  5770 | D:6      | Killed Pikel
  5770 | D:6      | Reached skill level 8 in Armour
  5971 | D:7      | Found a staircase to the Ecumenical Temple.
  6023 | D:7      | Reached ***** piety under Lugonu
  6078 | D:7      | Noticed ayyllmao's ghost (novice FoFi)
  6093 | D:7      | Killed ayyllmao's ghost
  6217 | D:7      | Found a deep blue altar of Sif Muna.
  6329 | D:7      | Found a shadowy altar of Dithmenos.
  6341 | D:7      | Reached skill level 9 in Armour
  6552 | D:7      | Gained mutation: You are significantly more attuned to the shadows. [demonic ancestry]
  6552 | D:7      | Reached XP level 10. HP: 74/76 MP: 12/12
  6591 | D:7      | Found Ixtet Othru's Gadget Shoppe.
  6686 | D:8      | Noticed Psyche
  6700 | D:8      | Killed Psyche
  7187 | D:8      | Noticed Erica
  7195 | D:8      | Killed Erica
  7195 | D:8      | Reached skill level 5 in Axes
  7320 | D:8      | Noticed Maurice
  7335 | D:8      | Killed Maurice
  7562 | D:8      | Identified a scroll of acquirement
  7599 | D:8      | Reached skill level 5 in Shields
  7738 | D:9      | Noticed ayyllmao's ghost (journeyman FoFi)
  7748 | D:9      | Killed ayyllmao's ghost
  7748 | D:9      | Reached skill level 10 in Armour
  8261 | D:9      | Found a sparkling altar of Nemelex Xobeh.
  8265 | D:9      | Noticed Grum
  8538 | D:9      | Killed Grum
  8644 | D:9      | Reached ****** piety under Lugonu
  8805 | D:9      | Reached XP level 11. HP: 79/84 MP: 13/13
  8885 | D:9      | Found a staircase to the Orcish Mines.
  9262 | Orc:1    | Entered Level 1 of the Orcish Mines
  9388 | Orc:1    | Noticed an orc sorcerer
  9388 | Orc:1    | Noticed an orc knight
  9398 | Orc:1    | Killed an orc sorcerer
  9419 | Orc:1    | Mangled by an orc warrior

Skill      XL: |  1  2  3  4  5  6  7  8  9 10 11 |
---------------+----------------------------------+-----
Dodging        | 1 2 3 4 |  4.9
Invocations    | 3 |  3.4
Axes           | 2 3 4 6 |  6.2
Armour         | 2 3 4 6 7 9 10 | 10.4
Polearms       | 1 2 |  2.5
Fighting       | 4 5 6 7 |  7.3
Stealth        | 1 2 |  2.0
Shields        | 1 2 3 5 |  5.7

Action                   |  1- 3 |  4- 6 |  7- 9 | 10-12 || total
-------------------------+-------+-------+-------+-------++-------
Melee: Spear             |    66 |   108 |    59 |       ||   233
       Headbutt          |     5 |     9 |    36 |    34 ||    84
       War axe           |       |       |   179 |    92 ||   271
       Broad axe         |       |       |       |   125 ||   125
       Unarmed           |       |       |       |     5 ||     5
Throw: Tomahawk          |       |       |       |     2 ||     2
Invok: Depart the Abyss  |     1 |       |       |       ||     1
       Bend Space        |       |       |       |     1 ||     1
  Use: Scroll            |       |    11 |       |    13 ||    24
       Potion            |       |       |     8 |     4 ||    12
 Stab: Sleeping          |     1 |       |       |       ||     1
  Eat: Chunk             |     2 |     8 |    11 |     9 ||    30
Armor: Leather armour    |    12 |       |       |       ||    12
       Chain mail        |     1 |    65 |    38 |       ||   104
       Plate armour      |       |       |   160 |   165 ||   325
       Skin              |       |       |     4 |       ||     4
Dodge: Dodged            |    42 |    37 |    57 |    60 ||   196
Block: Buckler           |       |     8 |     9 |       ||    17
       Shield            |       |       |    90 |   111 ||   201
